 Dungeon Crawl Stone Soup version 0.31-a0-627-gd65175cf8b (webtiles) character file.

Game seed: 5348501162254345407

68 GenialerGandalf the Trooper (level 4, -1/40 HPs)
             Began as a Hill Orc Fighter on Aug 25, 2023.
             Slain by Crazy Yiuf
             ... wielding a +2 quarterstaff of chaos
              (6 damage)
             ... on level 2 of the Dungeon.
             The game lasted 00:06:14 (1752 turns).

GenialerGandalf the Trooper (Hill Orc Fighter)      Turns: 1752, Time: 00:06:15

Health: -1/40      AC:  9    Str: 20    XL:     4   Next: 19%
Magic:  4/4        EV: 14    Int:  8    God:
Gold:   86         SH:  0    Dex: 10    Spells: 3/3 levels left

rFire   . . .        a - +0 war axe
rCold   . . .        c - +0 buckler
rNeg    . . .        b - +0 scale mail
rPois   .            j - +0 helmet
rElec   .            (no cloak)
rCorr   .            f - +0 pair of gloves
SInv    .            (no boots)
Will    .....        (no amulet) Stlth
                     (no ring)
HPRegen 0.26/turn    (no ring)
MPRegen 0.09/turn

%: no passive effects
@: confused, agile
A: no striking features
a: no special abilities


You were on level 2 of the Dungeon.
You visited 1 branch of the dungeon, and saw 2 of its levels.

You collected 86 gold pieces.

Inventory:

Hand Weapons
 a - a +0 war axe (weapon)
Armour
 b - a +0 scale mail (worn)
 c - a +0 buckler (worn)
 f - a +0 pair of gloves (worn)
 j - a +0 helmet (worn)
Jewellery
 o - a ring of resist corrosion
Wands
 p - a wand of charming (6)
Scrolls
 h - 3 scrolls of identify {unknown}
 n - a scroll of enchant armour {unknown}
Potions
 d - a potion of might
 e - a potion of magic {unknown}
 g - a potion of lignification {unknown}
 i - a potion of haste {unknown}
 k - a potion of mutation {unknown}
 l - a potion of curing {unknown}
 m - 2 potions of degeneration {unknown}


   Skills:
 * Level 4.2 Fighting
 * Level 4.1 Axes
 * Level 3.9 Armour
 * Level 3.6 Shields


You had 3 spell levels left.
You didn't know any spells.
Your spell library was empty.

Dungeon Overview and Level Annotations

Branches:
Dungeon (2/15)

Altars:

Shops:
D:1 [

Annotations:
D:2 Crazy Yiuf


Message History

You slash the fungus!
The fungus is lightly damaged.
You hit the fungus.
A nearby fungus withers and dies.
Found a hammer.
Found a runed translucent door.
A nearby fungus withers and dies.
Crazy Yiuf shouts!
Crazy Yiuf grits, "You noodlescoop green!"
You open the door. You hit Crazy Yiuf.
Crazy Yiuf is moderately wounded.
Crazy Yiuf hits you with a +2 quarterstaff of chaos.
Crazy Yiuf freezes you.
Crazy Yiuf hits you with a +2 quarterstaff of chaos.
Crazy Yiuf burns you.
You closely miss Crazy Yiuf.
Crazy Yiuf is moderately wounded.
Crazy Yiuf hits you with a +2 quarterstaff of chaos!
You hit Crazy Yiuf but do no damage.
Crazy Yiuf is moderately wounded.
Crazy Yiuf barely misses you.
You barely miss Crazy Yiuf.
Crazy Yiuf is moderately wounded.
Crazy Yiuf hits you but does no damage.
You feel agile all of a sudden.
Crazy Yiuf cries, "Ice childish seventy!"
Crazy Yiuf hits you with a +2 quarterstaff of chaos.
* * * LOW HITPOINT WARNING * * *
You hit Crazy Yiuf but do no damage.
Crazy Yiuf is moderately wounded.
Crazy Yiuf hits you with a +2 quarterstaff of chaos!
* * * LOW HITPOINT WARNING * * *
You are confused.
Crazy Yiuf attacks as he pursues you! Crazy Yiuf closely misses you.
You bump into the rock wall.
Crazy Yiuf grits, "Dawk childish King!"
Crazy Yiuf misses you.
You bump into the rock wall.
Crazy Yiuf hits you with a +2 quarterstaff of chaos.
You die...

#.# ##.########## #.#
#.# ##### ### ### #...#
#.#.# #.#.# ### ######
#.#.# #)..###
#..).####.#.#
#...'g#####............
#...##@.#...)..####.###
### ###.#...)#####.#
#######......# ########


You could see Crazy Yiuf.

Vanquished Creatures
  3 adders (D:2)
  A dart slug (D:1)
  3 bats
  An endoplasm (D:1)
  A giant cockroach (D:1)
  3 goblins
  3 hobgoblins (D:1)
  4 jackals
  4 quokkas
  A ball python (D:1)
  A frilled lizard (D:2)
  7 kobolds
  5 rats
37 creatures vanquished.

Notes
Turn   | Place    | Note
-------+----------+-------------------------------------------
     0 | D:1      | GenialerGandalf the Hill Orc Fighter began the quest for
                  | the Orb.
     0 | D:1      | Reached XP level 1. HP: 19/19 MP: 1/1
   458 | D:1      | Reached XP level 2. HP: 27/27 MP: 2/2
   974 | D:1      | Found Otoupniu's Armour Shoppe.
  1054 | D:2      | Reached XP level 3. HP: 33/33 MP: 3/3
  1233 | D:2      | Reached XP level 4. HP: 40/40 MP: 4/4
  1740 | D:2      | Found a runed translucent door.
  1741 | D:2      | Noticed Crazy Yiuf
  1752 | D:2      | Slain by Crazy Yiuf

Illustrated notes

Levels and vault maps discovered:
D:1:      roderic_crop_circles_arrival_small, layout_rooms, serial_shops,
          nicolae_shop_hallway_plus, minmay_heptomino_h4
D:2:      layout_loops_ring, uniq_crazy_yiuf_cottage

Skill      XL: |  1  2  3  4 |
---------------+-------------+-----
Axes           | 3 4 |  4.1
Fighting       | 4 |  4.2
Armour         | |  3.9
Shields        | |  3.6

Action                     |  1- 3 |  4- 6 || total
---------------------------+-------+-------++-------
  Melee: War axe           |   300 |    20 ||   320
    Use: Scroll            |     3 |       ||     3
 Armour: Scale mail        |    50 |     8 ||    58
  Dodge: Dodged            |    46 |     8 ||    54
  Block: Buckler           |    16 |     3 ||    19

Table legend: (Time is in decaauts)
 A = Elapsed time spent in this place.
 B = Non-inter-level travel time spent in this place.
 C = Inter-level travel time spent in this place.
 D = Time resting spent in this place.
 E = Time spent auto-exploring this place.
 F = Levels seen in this place.
 G = Mean time per level.
                   A        B        C        D        E       F      G
               +--------+--------+--------+--------+--------+-----+--------+
         Total |   1876 |   1828 |     48 |     78 |    863 |   2 |  938.0 |
       Dungeon |   1876 |   1828 |     48 |     78 |    863 |   2 |  938.0 |
               +--------+--------+--------+--------+--------+-----+--------+

Top non-repeatable levels by time:
     D:1: 1138 daAuts
     D:2: 738 daAuts
